 Dungeon Crawl Stone Soup version 0.31-a0-187-gba352fbbf7 (webtiles) character file.

Game seed: 11783334555352548475

38 qw the Shooter (level 3, -5/20 HPs)
             Began as a Deep Elf Hunter on June 22, 2023.
             Slain by a goblin
             ... wielding a +0 club
             ... led by Robin
              (6 damage)
             ... on level 2 of the Dungeon.
             The game lasted 00:00:20 (695 turns).

qw the Shooter (Deep Elf Hunter)                     Turns: 695, Time: 00:00:21

Health: -5/20      AC:  6    Str: 10    XL:     3   Next: 25%
Magic:  5/5        EV:  9    Int: 13    God:
Gold:   76         SH:  0    Dex: 18    Spells: 2/2 levels left

rFire   . . .        Y - +0 shortbow
rCold   . . .        (shield currently unavailable)
rNeg    . . .        f - +0 scale mail
rPois   .            (no helmet)
rElec   .            (no cloak)
rCorr   .            (no gloves)
SInv    .            (no boots)
Will    .....        (no amulet)
Stlth   +            (no ring)
HPRegen 0.23/turn    (no ring)
MPRegen 0.09/turn

%: no passive effects
@: about to teleport
A: no striking features
a: no special abilities


You were on level 2 of the Dungeon.
You visited 1 branch of the dungeon, and saw 2 of its levels.

You collected 76 gold pieces.


   Skills:
 - Level 1.5 Fighting
 + Level 6.8 Ranged Weapons
 - Level 2.4 Dodging
 - Level 1.2 Stealth


You had 2 spell levels left.
You didn't know any spells.
Your spell library was empty.

Inventory:

Hand Weapons
 Y - a +0 shortbow (weapon)
Armour
 f - a +0 scale mail (worn)
Scrolls
 a - a scroll of identify
Potions
 g - a potion of curing

Dungeon Overview and Level Annotations

Branches:
Dungeon (2/15)

Altars:

Annotations:
D:2 Robin


Message History

The goblin shoots a sling bullet.
The sling bullet hits you.
The hobgoblin hits you but does no damage.
The goblin hits you with a club.
Robin roars a battlecry!
The goblins go into a battle-frenzy!
You shoot an arrow. The arrow closely misses the hobgoblin.
The goblin shoots a sling bullet.
The sling bullet hits you but does no damage.
The goblin closely misses you. Robin throws the goblin at you!
The hobgoblin hits you but does no damage.
The goblin shouts!
You hear a shout!
You shoot an arrow. The arrow hits the hobgoblin.
You kill the hobgoblin!
The goblin hits you but does no damage. The goblin hits you with a +0 club.
The jackal bites you but does no damage.
You shoot an arrow. The arrow barely misses the goblin.
The arrow hits the goblin but does no damage.
The jackal bites you but does no damage.
A hobgoblin comes into view.
The goblin barely misses you.
The goblin shoots a sling bullet.
The sling bullet barely misses you.
The jackal bites you but does no damage.
A goblin comes into view. It is wielding a +0 dagger.
The goblin misses you. The goblin hits you with a +0 club.
The goblin shouts!
You shoot an arrow. The arrow hits the goblin.
You kill the goblin!
You hear a bark!
The jackal bites you but does no damage.
The goblin hits you but does no damage. The goblin hits you with a +0 club.
The jackal bites you.
694 ||| READING scroll of teleportation.
As you read the scroll of teleportation, it crumbles to dust.
You feel strangely unstable.
A jackal comes into view.
The jackal barely misses you.
The goblin hits you but does no damage. x2
You shoot an arrow.
The arrow hits the jackal but does no damage.
The jackal closely misses you. The goblin hits you with a +0 club.
You die...

#.#######<#.##..#
# ####.# #
###....# #...####
#.#.>..# #%####.#
#.# #
#[#.##g####h..
#.....@)gg.g.#
#...##gh....##
#.# ######.# # #


You could see Robin, 2 jackals, a hobgoblin (strong) and 3 goblins.

Vanquished Creatures
  A dart slug (D:1)
  4 ball pythons
  2 endoplasms (D:1)
  5 giant cockroaches
  3 goblins
  3 hobgoblins
  2 jackals (D:2)
  2 quokkas (D:1)
  4 bats (D:1)
  3 kobolds
  3 rats (D:1)
32 creatures vanquished.

Notes
Turn   | Place    | Note
-------+----------+-------------------------------------------
     0 | D:1      | qw the Deep Elf Hunter began the quest for the Orb.
     0 | D:1      | Reached XP level 1. HP: 12/12 MP: 3/3
     0 | D:1      | 0 ||| qw: Version: 0.3-a-9-g12657ce
     0 | D:1      | 0 ||| qw: Game counter: 2073
     0 | D:1      | 0 ||| qw: Always use a shield: true
     0 | D:1      | 0 ||| qw: God list: Okawaru
     0 | D:1      | 0 ||| qw: Allow faded altars: false
     0 | D:1      | 0 ||| qw: Do Orc after D:15 true
     0 | D:1      | 0 ||| qw: Do second Lair branch before Depths: true
     0 | D:1      | 0 ||| qw: Lair rune preference: random
     0 | D:1      | 0 ||| qw: Plans: Normal
     0 | D:1      | 0 ||| PLANNING D:1-11
   109 | D:1      | Reached skill level 6 in Ranged Weapons
   109 | D:1      | Reached XP level 2. HP: 13/16 MP: 4/4
   608 | D:1      | 608 ||| UPGRADING to +0 scale mail.
   618 | D:1      | 618 ||| DROPPING +0 leather armour.
   619 | D:1      | 619 ||| READING 3 scrolls labelled FAMOQ HOYBESH.
   620 | D:1      | 620 ||| READING 2 scrolls labelled BILORE HEWK.
   623 | D:1      | 623 ||| READING scroll labelled RIKISHR AKHUSED.
   624 | D:1      | 624 ||| READING 2 scrolls of identify.
   624 | D:1      | 624 ||| IDENTIFYING brown potion
   625 | D:1      | 625 ||| DROPPING scroll of butterflies.
   663 | D:2      | Reached XP level 3. HP: 20/20 MP: 5/5
   688 | D:2      | Noticed Robin
   693 | D:2      | HP: 4/20 [goblin/+0 club[Robin] (3)]
   693 | D:2      | HP: 1/20 [jackal (3)]
   694 | D:2      | 694 ||| READING scroll of teleportation.
   695 | D:2      | Slain by a goblin

Levels and vault maps discovered:
D:1:      dpeg_arrival_simpleton_a, layout_rooms, serial_forest,
          infiniplex_forest_corner_2, infiniplex_forest_lined_1,
          infiniplex_forest_zigzag_2, infiniplex_forest_straight_2,
          infiniplex_forest_end_1, infiniplex_forest_zigzag_2,
          infiniplex_forest_straight_2
D:2:      layout_loops_ring, uniq_robin

Skill      XL: |  1 |
---------------+----+-----
Ranged Weapons | 6 |  6.8
Fighting       | |  1.5
Dodging        | |  2.4
Stealth        | |  1.2

Action                     || total
---------------------------++-------
   Fire: Shortbow          ||    85
    Use: Scroll            ||     5
 Armour: Leather armour    ||     6
         Scale mail        ||    17
  Dodge: Dodged            ||    23

Table legend:
 A = Non-vault XP
 B = Vault XP
 C = Vault XP percentage of total XP
 D = Non-vault monster count
 E = Vault monster count
 F = Vault count percentage of total count
                 A         B        C        D         E       F
            +---------+---------+-------+---------+---------+-------
      Total |      49 |       6 |  10.9 |      29 |       3 |   9.4
            +---------+---------+-------+---------+---------+-------
        D:1 |      36 |       0 |   0.0 |      22 |       0 |   0.0
        D:2 |      13 |       6 |  31.6 |       7 |       3 |  30.0
            +---------+---------+-------+---------+---------+-------
